 Dungeon Crawl Stone Soup version 0.31.0 (webtiles) character file.

Game seed: 17649561430431362454

4217 dorian the Grappler (level 10, -1/68 HPs)
             Began as an Octopode Shapeshifter on Jan 19, 2024.
             Was a Follower of Wu Jian.
             Slain by a yak (8 damage)
             ... on level 8 of the Dungeon.
             The game lasted 00:12:53 (8016 turns).

dorian the Grappler (Octopode Shapeshifter)         Turns: 8016, Time: 00:12:53

Health: -1/68      AC:  1    Str: 17    XL:     10   Next: 30%
Magic:  10/10      EV: 15    Int: 13    God:    Wu Jian [*.....]
Gold:   518        SH:  0    Dex: 12    Spells: 9/9 levels left

rFire   . .          .
                       - Unarmed
rCold   . . .        (no shield)
rNeg    . . .        (helmet currently unavailable)
rPois   .            (no amulet)
rElec   .            (no ring)
rCorr   .            (no ring)
SInv    .            (no ring)
Will    .....        (no ring)
Stlth   ++           (no ring)
HPRegen 0.31/turn    (no ring)
MPRegen 0.12/turn    (no ring)
                     (no ring)

%: no passive effects
@: beast-form, studying Invocations
A: beast (slay +4), almost no armour, amphibious, 8 rings, camouflage 1,
gelatinous body 1, (nimble swimmer 1), tentacles
a: Begin Untransformation, Renounce Religion


You were on level 8 of the Dungeon.
You worshipped Wu Jian.
Wu Jian was aware of your devotion.
You were a hulking beast.
You visited 2 branches of the dungeon, and saw 9 of its levels.

You collected 518 gold pieces.

Inventory:

Missiles
 k - 6 boomerangs (quivered)
Armour
 e - a +2 hat
 q - a +2 hat of willpower
Magical Staves
 i - a staff of fire
Talismans
 b - a beast talisman
 c - a flux talisman
 p - a blade talisman
Wands
 a - a wand of iceblast (6)
Scrolls
 g - 3 scrolls of enchant armour
 m - a scroll of immolation
 o - a scroll of silence {unknown}
Potions
 d - a potion of degeneration {unknown}
 f - a potion of resistance {unknown}
 h - a potion of brilliance {unknown}
 j - 3 potions of curing {unknown}
 l - a potion of invisibility {unknown}
 n - 2 potions of mutation {unknown}


   Skills:
 + Level 5.9 Fighting
 + Level 6.0 Dodging
 * Level 9.1 Unarmed Combat
 * Level 8.4 Shapeshifting


You had 9 spell levels left.
You didn't know any spells.
Your spell library contained the following spells:

 Spells                   Type           Power      Damage    Failure   Level
 Kiss of Death            Conj/Necr      0%         2d5       30%         1
 Slow                     Hex            0%         N/A       30%         1
 Ensorcelled Hibernation  Hex/Ice        0%         N/A       43%         2
 Mercury Vapours          Alch/Air       0%         N/A       43%         2
 Call Canine Familiar     Summ           0%         N/A       67%         3
 Confusing Touch          Hex            0%         N/A       67%         3
 Fugue of the Fallen      Necr           0%         N/A       67%         3
 Mephitic Cloud           Conj/Alch/Air  0%         N/A       67%         3
 Ozocubu's Armour         Ice            0%         N/A       67%         3
 Sigil of Binding         Hex            0%         N/A       67%         3
 Vampiric Draining        Necr           0%         2d6       67%         3
 Anguish                  Hex/Necr       0%         N/A       97%         4
 Dimensional Bullseye     Hex/Tloc       0%         N/A       97%         4
 Dispel Undead            Necr           0%         3d6       97%         4
 Freezing Cloud           Conj/Ice/Air   0%         6-21      100%        5
 Metabolic Englaciation   Hex/Ice        0%         N/A       100%        5
 Sculpt Simulacrum        Ice/Alch       0%         N/A       100%        6


Dungeon Overview and Level Annotations

Branches:
Dungeon (8/15) Zot: 26466  Temple (1/1) D:6 Zot: 5869
   Lair: D:8-11

Altars:
Ashenzari
Cheibriados
Dithmenos
Elyvilon
Hepliaklqana
Kikubaaqudgha
Makhleb
Nemelex Xobeh
Okawaru
Qazlal
Ru
Sif Muna
Uskayaw
Vehumet
Wu Jian
Xom
Yredelemnul
Zin
The Shining One

Shops:
D:6 (

Annotations:
D:5 1 runed translucent door, Crazy Yiuf


Innate Abilities, Weirdness & Mutations

You are a hulking beast.
Your limbs bulge with bestial killing power. (Slay +4)
You cannot wear most types of armour.
You are amphibious.
You can wear up to eight rings at the same time.
Your skin changes colour to match your surroundings (Stealth+).
Your rubbery body absorbs attacks. (AC +1, EV +1)
((You are camouflaged when in or above water. (Stealth+)))
You have tentacles for arms and can constrict up to eight enemies at once.


Message History

You bludgeon the yak!
The yak is heavily wounded.
You bludgeon the yak!
The yak is almost dead.
The yak gores you but does no damage.
You bludgeon the yak!
You kill the yak!
The Council accepts your kill.
You tentacle-slap the yak.
The yak is lightly wounded.
The yak completely misses you.
You tentacle-slap the yak. You squeeze the yak, but do no damage.
The yak is moderately wounded.
The yak misses you.
You bludgeon the yak!
The yak is heavily wounded.
The yak gores you!
You barely miss the yak. You squeeze the yak.
The yak is severely wounded.
You barely miss the yak.
The yak is severely wounded.
The yak barely misses you.
You tentacle-slap the yak. You squeeze the yak.
The yak is almost dead.
The yak gores you!
* * * LOW HITPOINT WARNING * * *
You completely miss the yak. You tentacle-slap the yak.
You squeeze the yak, but do no damage.
The yak is almost dead.
The yak gores you!
* * * LOW HITPOINT WARNING * * *
You barely miss the yak. You squeeze the yak.
You kill the yak!
The Council accepts your kill.
You tentacle-slap the yak. You squeeze the yak!
The yak is heavily wounded.
You tentacle-slap the yak. You squeeze the yak.
The yak is severely wounded.
The yak gores you!
You die...

####.# #.................#
.##..# ###..#######........#
.....#####....## #..#####..#
......#........## #..# ##...#
..........###)..####..###...##
........### ###.......##...##
..#..#..## ##..........##
.#..###..# #..####...## ...##
#..# #h## ##..# ...# ##.##
##Y# #..#### # ..## #..# #..#
##....##.# #..# ##.## ##.##
##.......# ##.## #..# #..#
#..<.....# #..# #..###..#
#.........# ##.## #...#..## ##
########### #..####......##
#⌠#_# #
#...##...##...##8.#.#.#


You could see a yak.

Vanquished Creatures
  Gastronok (D:8)
  Maurice (D:7)
  Maggie (D:7)
  Grinder (D:5)
  3 yaks (D:8)
  Edmund (D:5)
  Duvessa (D:7)
  An orc warrior (D:7)
  An ice beast (D:7)
  A sky beast (D:7)
  A centaur (D:7)
  A phantom (D:5)
  Blork the orc (D:6)
  2 scorpions
  A gnoll sergeant (D:6)
  Dowan (D:7)
  3 bombardier beetles
  A hound (D:4)
  2 jellies
  2 orc priests (D:7)
  Jessica (D:3)
  3 iguanas
  9 orc wizards
  8 gnolls
  9 adders
  A shadow imp (D:7)
  4 ufetubi
  4 ribbon worms
  2 dart slugs
  22 orcs
  7 bats
  A bat skeleton (D:5)
  3 bat zombies (D:5)
  9 endoplasms
  8 goblins
  9 hobgoblins
  8 jackals
  4 kobolds
  2 quokkas (D:3)
  5 ball pythons
  3 frilled lizards (D:3)
  24 rats
173 creatures vanquished.

Notes
Turn   | Place    | Note
-------+----------+-------------------------------------------
     0 | D:1      | dorian the Octopode Shapeshifter began the quest for the
                  | Orb.
     0 | D:1      | Reached XP level 1. HP: 13/13 MP: 1/1
    26 | D:1      | Reached XP level 2. HP: 14/18 MP: 2/2
   434 | D:1      | Reached XP level 3. HP: 21/23 MP: 3/3
   991 | D:2      | Found a faded altar of an unknown god.
  1038 | D:2      | Reached XP level 4. HP: 20/28 MP: 4/4
  1597 | D:3      | Noticed Jessica
  1600 | D:3      | Killed Jessica
  1601 | D:3      | Reached skill level 4 in Unarmed Combat
  1601 | D:3      | Reached XP level 5. HP: 34/34 MP: 5/5
  2169 | D:4      | Reached XP level 6. HP: 41/41 MP: 6/6
  2174 | D:4      | Found a white marble altar of Elyvilon.
  2747 | D:5      | Entered Level 5 of the Dungeon
  3036 | D:5      | Reached skill level 5 in Unarmed Combat
  3112 | D:5      | Noticed Edmund
  3239 | D:5      | Reached XP level 7. HP: 36/46 MP: 7/7
  3276 | D:5      | Noticed Grinder
  3291 | D:5      | Killed Grinder
  3292 | D:5      | Reached skill level 5 in Shapeshifting
  3352 | D:5      | Found a radiant altar of Vehumet.
  3352 | D:5      | Found a glowing silver altar of Zin.
  3499 | D:5      | Found an ancient bone altar of Kikubaaqudgha.
  3602 | D:5      | Killed Edmund
  3603 | D:5      | Reached XP level 8. HP: 11/53 MP: 8/8
  3851 | D:5      | Reached skill level 6 in Unarmed Combat
  3922 | D:5      | Found a runed translucent door.
  3923 | D:5      | Noticed Crazy Yiuf
  4271 | D:6      | Noticed Blork the orc
  4279 | D:6      | Killed Blork the orc
  4299 | D:6      | Found a staircase to the Ecumenical Temple.
  4327 | Temple   | Entered the Ecumenical Temple
  4339 | Temple   | Became a worshipper of the Wu Jian Council
  4836 | D:6      | Found Gamuora's Antique Weapon Emporium.
  5960 | D:7      | Noticed Dowan
  6124 | D:7      | Noticed Maurice
  6127 | D:7      | Maurice stole 434 gold
  6128 | D:7      | Maurice stole a beast talisman
  6129 | D:7      | Killed Maurice
  6130 | D:7      | Reached skill level 7 in Unarmed Combat
  6130 | D:7      | Reached XP level 9. HP: 59/59 MP: 5/9
  6392 | D:7      | Noticed Duvessa
  6514 | D:7      | Reached * piety under Wu Jian
  6516 | D:7      | Noticed Maggie
  6517 | D:7      | Reached skill level 5 in Dodging
  6530 | D:7      | Killed Maggie
  6531 | D:7      | Reached skill level 5 in Fighting
  6711 | D:7      | Noticed a two-headed ogre
  6828 | D:7      | Killed Duvessa
  6829 | D:7      | Reached skill level 8 in Unarmed Combat
  6835 | D:7      | Killed Dowan
  7677 | D:8      | Noticed Gastronok
  7700 | D:8      | HP: 3/61 [Gastronok (6)]
  7702 | D:8      | HP: 1/61 [bat[Gastronok] (1)]
  7704 | D:8      | Killed Gastronok
  7705 | D:8      | Reached skill level 9 in Unarmed Combat
  7705 | D:8      | Reached XP level 10. HP: 3/68 MP: 10/10
  7980 | D:8      | Found a glowing golden altar of the Shining One.
  8016 | D:8      | Slain by a yak

Illustrated notes

Levels and vault maps discovered:
D:1:      lightli_arrival_chessboard, layout_basic
D:2:      layout_rooms, basic_ecumenical_altar
D:3:      layout_loops_ring, st_stairs_14, minmay_rat_hole, uniq_jessica
D:4:      layout_loops_ring, amcnicky_altar_gilded, minmay_misc_feat_enclosed
D:5:      layout_cave_pods, kennysheep_vampire_church, jmf_multi_god_temple,
          uniq_crazy_yiuf_cottage, uniq_grinder, uniq_edmund
D:6:      layout_layer_cave, minmay_temple_entry_arrows, serial_shops, shop,
          chequers_jeans, uniq_blork_the_orc
D:7:      layout_basic, serial_bayou, serial_bayou_crossing,
          serial_bayou_pond_d, serial_bayou_shore_b, serial_bayou_ford_a,
          minmay_manual_mess, uniq_duvessa, uniq_maurice, uniq_maggie
D:8:      layout_layer_cave, minitemple, uniq_gastronok
Temple:   nicolae_temple_great_sept

Skill      XL: |  1  2  3  4  5  6  7  8  9 10 |
---------------+-------------------------------+-----
Fighting       | 2 3 4 5 |  5.9
Unarmed Combat | 4 5 7 9 |  9.1
Shapeshifting  | 4 5 6 8 |  8.4
Dodging        | 3 4 5 6 |  6.0

Action                     |  1- 3 |  4- 6 |  7- 9 | 10-12 || total
---------------------------+-------+-------+-------+-------++-------
  Melee: Unarmed           |    69 |   130 |   168 |    21 ||   388
         Tentacles         |    16 |    19 |    45 |     9 ||    89
         Constrict         |    22 |    31 |    36 |       ||    89
         Punch             |     4 |     5 |    13 |     2 ||    24
Ability: Lunge             |       |       |    13 |       ||    13
  Evoke: Wand              |       |       |     5 |       ||     5
    Use: Scroll            |       |     8 |     5 |       ||    13
         Potion            |       |     1 |     7 |       ||     8
   Stab: Sleeping          |     4 |    15 |     2 |       ||    21
 Armour: Skin              |    28 |    43 |   104 |     8 ||   183
  Dodge: Dodged            |    27 |    48 |   116 |     6 ||   197
